 Dungeon Crawl Stone Soup version 0.30-a0-719-gcc4359ea44 (webtiles) character file.

Game seed: 9847158001285741585

7506 Newt the Fighter (level 10, 0/83 HPs)
             Began as a Demonspawn Gladiator on Jan 26, 2023.
             Was a High Priest of Okawaru.
             Slain by a vampire (7 damage)
             ... on level 10 of the Dungeon.
             The game lasted 00:11:02 (8821 turns).

Newt the Fighter (Demonspawn Gladiator)             Turns: 8821, Time: 00:11:03

Health: 0/83       AC: 10    Str: 21    XL:     10   Next: 95%
Magic:  14/14      EV: 16    Int: 10    God:    Okawaru [*****.]
Gold:   215        SH:  0    Dex: 15    Spells: 9/9 levels left

rFire   . . .      SeeInvis .    N - +1 war axe (flame)
rCold   . . .      Faith    .    K - +0 buckler
rNeg    + . .      Spirit   .    X - +1 troll leather armour
rPois   .          Reflect  +    i - +1 hat
rElec   .          Harm     .    L - +1 cloak
rCorr   .          Rampage  .    (no gloves)
Will    .....                    (no boots)
Stlth   +                        v - amulet of reflection
HPRegen 1.13/turn                r - ring of Abopyt {rN+ Str+3 Slay+2}
MPRegen 0.14/turn                t - +4 ring of slaying

@: confused, heroic, ambrosia-drunk, spiked, studying Polearms
A: hooves 2, spiny 1
a: Renounce Religion, Heroism, Finesse, Duel


You were on level 10 of the Dungeon.
You worshipped Okawaru.
Okawaru was extremely pleased with you.
You visited 2 branches of the dungeon, and saw 11 of its levels.

You collected 553 gold pieces.
You spent 338 gold pieces at shops.

Inventory:

Hand Weapons
 N - a +1 war axe of flaming (weapon)
Missiles
 d - 2 throwing nets
 j - 7 poisoned darts
 u - a silver boomerang
 A - 3 boomerangs (quivered)
 Y - 4 atropa-tipped darts
Armour
 i - a +1 hat (worn)
 k - the +1 ring mail of Ru's Righteous Fury {rElec}
   (You found it on level 3 of the Dungeon)

   rElec:     It insulates you from electricity.
 K - a +0 buckler (worn)
 L - a +1 cloak (worn)
 P - +0 swamp dragon scales
 V - a +2 ring mail of cold resistance
 X - a +1 troll leather armour (worn)
Jewellery
 m - an amulet of the acrobat
 r - the ring of Abopyt (left hand) {rN+ Str+3 Slay+2}
   (You took it off a gnoll on level 3 of the Dungeon)

   [ring of positive energy]

   Str:       It affects your strength (+3).
   Slay:      It affects your accuracy & damage with ranged weapons and melee
   (+2).
   rN:        It protects you from negative energy.
 s - a ring of willpower
 t - a +4 ring of slaying (right hand)
 v - an amulet of reflection (around neck)
 H - a ring of flight
 J - a ring of resist corrosion
Wands
 x - a wand of polymorph (10)
 C - a wand of flame (10)
 M - a wand of acid (3)
Scrolls
 a - a scroll of magic mapping {unknown}
 b - a scroll of identify
 h - 6 scrolls of teleportation
 o - 2 scrolls of fear
 G - 2 scrolls of blinking
 Q - 3 scrolls of fog
 U - a scroll of amnesia
Potions
 f - a potion of lignification
 l - a potion of haste
 n - a potion of cancellation
 p - 2 potions of attraction
 w - 5 potions of curing
 B - 3 potions of might
 E - a potion of magic
 F - 3 potions of brilliance
 I - a potion of resistance
 O - a potion of flight {unknown}


   Skills:
 + Level 9.4(14.4) Fighting
 - Level 2.6(7.6) Short Blades
 - Level 7.5(13.0) Axes
 - Level 4.0(11.2) Polearms
 - Level 5.0(10.0) Throwing
 - Level 4.0(9.0) Armour
 - Level 5.0(10.0) Dodging
 - Level 2.0(7.0) Stealth
 - Level 6.0 Invocations
 - Level 4.0 Evocations


You had 9 spell levels left.
You didn't know any spells.
Your spell library contained the following spells:

 Spells                   Type           Power      Damage    Failure   Level
 Ensorcelled Hibernation  Hex/Ice        0%         N/A       63%         2
 Passwall                 Tmut/Erth      0%         N/A       63%         2
 Swiftness                Air            0%         N/A       86%         3


Dungeon Overview and Level Annotations

Branches:
Dungeon (10/15)            Temple (1/1) D:4
   Lair: D:8-11         Orc: D:9-12

Altars:
Ashenzari
Cheibriados
Dithmenos
Fedhas
Gozag
Hepliaklqana
Kikubaaqudgha
Makhleb
Nemelex Xobeh
Okawaru
Qazlal
Ru
Sif Muna
Trog
Uskayaw
Vehumet
Wu Jian
Xom
Yredelemnul

Shops:
D:5 :[*   D:7 !

Annotations:
D:3 3 runed translucent doors, Sabo's ghost, amateur OpEE
D:9 2 transporters


Innate Abilities, Weirdness & Mutations

You have hoof-like feet.
You are partially covered in sharp spines.


Message History

The volley of spikes hits you!
The barbed spikes become lodged in your body.
* * * LOW HITPOINT WARNING * * *
You hear some strange, mumbled words.
Something tries to affect you, but you resist.
Unknown command.
You feel much better. You block something's attack. Something bites you!
* * * LOW HITPOINT WARNING * * *
Something draws strength from your injuries!
You feel much better. The manticore bites you!
* * * LOW HITPOINT WARNING * * *
The manticore claws you.
* * * LOW HITPOINT WARNING * * *
The manticore misses you. Something hits you.
* * * LOW HITPOINT WARNING * * *
Something bites you but does no damage.
You feel much better.
The yak snorts and paws the ground.
Something hits you but does no damage. Something barely misses you.
The manticore bites you!!
* * * LOW HITPOINT WARNING * * *
The manticore closely misses you. x2
You closely miss the manticore. You barely miss something.
Something hits you but does no damage. Something bites you.
* * * LOW HITPOINT WARNING * * *
The manticore is struck by your spines. The manticore bites you.
* * * LOW HITPOINT WARNING * * *
The manticore claws you.
* * * LOW HITPOINT WARNING * * *
The manticore misses you.
You gain the combat prowess of a mighty hero.
The yak is struck by your spines. The yak closely misses you.
You hear some strange, mumbled words.
You are confused.
The manticore is struck by your spines. The manticore closely misses you.
The manticore completely misses you. The manticore claws you.
* * * LOW HITPOINT WARNING * * *
You are more confused.
You feel invigorated. The yak misses you. Something hits you!
You die...

#..........# ...
#..........# ....
#.........|# ##....
#..........##......
#...................
#...##...###...##...
#..# #.#.#)#.#.# #..
#...#Y#...#
.###.H@###..... #.
#.#)# .#... #. .#l .
.. .. .# #. ## .. .#
#. ## .# .# ## . #


You could see a manticore, a komodo dragon and a yak.

Vanquished Creatures
  2 two-headed ogres
  A kobold demonologist (D:10)
  Maggie (D:7)
  2 unseen horrors
  A komodo dragon (D:10)
  2 trolls
  A wyvern (D:9)
  A steam dragon (D:9)
  Menkaure (D:5)
  An acid dragon (D:8)
  3 orc warriors
  A water moccasin (D:7)
  3 sky beasts
  An ice beast (D:5)
  4 black bears
  An ogre (D:6)
  6 centaurs
  2 kobold brigands
  6 bullfrogs
  3 necrophages
  A gnoll sergeant (D:8)
  2 scorpions
  A wight (D:6)
  9 killer bees (D:9)
  5 hounds
  2 orc priests
  A gnoll bouda (D:7)
  2 jellies (D:5)
  Crazy Yiuf (D:5)
  8 orc wizards
  Natasha (twice) (D:4)
  An iguana (D:5)
  Robin (D:4)
  12 gnolls
  10 river rats (D:6)
  13 adders
  2 white imps (D:6)
  2 dart slugs
  A worm (D:3)
  38 orcs
  8 ball pythons
  5 endoplasms
  4 giant cockroaches
  12 goblins
  3 hobgoblins
  9 kobolds
  10 quokkas
  4 bats
  4 frilled lizards
  22 rats
238 creatures vanquished.

Notes
Turn   | Place    | Note
-------+----------+-------------------------------------------
     0 | D:1      | Newt the Demonspawn Gladiator began the quest for the Orb.
     0 | D:1      | Reached XP level 1. HP: 16/16 MP: 1/1
   106 | D:1      | Reached skill level 1 in Stealth
   232 | D:1      | Gained mutation: You are partially covered in sharp spines.
                  | [demonic ancestry]
   232 | D:1      | Reached XP level 2. HP: 22/22 MP: 2/2
   818 | D:2      | Reached XP level 3. HP: 26/28 MP: 3/3
   827 | D:2      | Reached skill level 3 in Fighting
   962 | D:2      | Reached XP level 4. HP: 37/37 MP: 4/4
  1103 | D:2      | Reached skill level 4 in Fighting
  1389 | D:3      | Identified the +1 ring mail of Ru's Righteous Fury {rElec}
  1546 | D:3      | Identified the ring of Abopyt {rN+ Str+3 Slay+2}
  1684 | D:3      | Gained mutation: You have large cloven feet. [demonic
                  | ancestry]
  1684 | D:3      | Reached XP level 5. HP: 35/42 MP: 5/5
  1854 | D:3      | Found a runed translucent gate.
  1854 | D:3      | Found a runed translucent gate.
  1854 | D:3      | Found a runed translucent gate.
  1859 | D:3      | Noticed Sabo's ghost (amateur OpEE)
  2041 | D:3      | Found a stormy altar of Qazlal.
  2279 | D:4      | Found a staircase to the Ecumenical Temple.
  2328 | Temple   | Entered the Ecumenical Temple
  2719 | D:4      | Reached XP level 6. HP: 48/48 MP: 6/6
  2792 | D:4      | Noticed Natasha
  2798 | D:4      | Killed Natasha
  3020 | D:4      | Noticed Robin
  3024 | D:4      | Killed Robin
  3104 | D:4      | Reached skill level 5 in Throwing
  3204 | D:4      | Noticed Natasha
  3208 | D:4      | Killed Natasha
  3209 | D:4      | Reached skill level 1 in Armour
  3265 | D:4      | You fall into a shaft and drop 2 floors!
  3295 | D:6      | Gained mutation: You have hoof-like feet. [demonic
                  | ancestry]
  3295 | D:6      | Reached XP level 7. HP: 51/54 MP: 7/7
  3382 | D:5      | Entered Level 5 of the Dungeon
  3412 | D:5      | Reached skill level 5 in Fighting
  3496 | D:5      | Found a shimmering altar of Xom.
  3542 | D:5      | Found Awkahagg's Assorted Antiques.
  3550 | D:5      | Bought a scroll labelled OTUNEBYMIST for 26 gold pieces
  3550 | D:5      | Bought a scroll of identify for 52 gold pieces
  3550 | D:5      | Bought a scroll of identify for 52 gold pieces
  3577 | D:5      | Found an ornate altar of the Wu Jian Council.
  3610 | D:5      | Reached skill level 6 in Fighting
  3610 | D:5      | Reached XP level 8. HP: 64/64 MP: 8/8
  3685 | D:5      | Reached skill level 1 in Polearms
  3881 | D:5      | Noticed Menkaure
  3886 | D:5      | Killed Menkaure
  3957 | D:5      | Found Surylos's Armour Boutique.
  3963 | D:5      | Bought a +0 buckler for 54 gold pieces
  4034 | D:5      | Found Ywnurph's Book Shop.
  4205 | D:5      | Found a runed translucent door.
  4206 | D:5      | Noticed Crazy Yiuf
  4347 | D:5      | Killed Crazy Yiuf
  4446 | D:6      | Found an iron altar of Okawaru.
  4446 | D:6      | Found a radiant altar of Vehumet.
  4447 | D:6      | Found a blossoming altar of Fedhas.
  4459 | D:6      | Found a sacrificial altar of Ru.
  4470 | D:6      | Became a worshipper of Warmaster Okawaru
  4643 | D:6      | Reached skill level 5 in Dodging
  4676 | D:6      | Reached skill level 1 in Evocations
  4713 | D:6      | Reached * piety under Okawaru
  4714 | D:6      | Reached XP level 9. HP: 68/69 MP: 9/9
  4871 | D:6      | Found an opulent altar of Gozag.
  5014 | D:7      | Identified the +1 rapier of Doom {vamp, rC+ Dex+2}
  5106 | D:7      | Reached skill level 1 in Invocations
  5128 | D:7      | Found Fyschuxki's Distillery.
  5149 | D:7      | Noticed Maggie
  5161 | D:7      | Killed Maggie
  5162 | D:7      | Reached skill level 5 in Invocations
  5198 | D:7      | Reached ** piety under Okawaru
  5321 | D:7      | Bought a potion of heal wounds for 70 gold pieces
  5321 | D:7      | Bought a potion of heal wounds for 70 gold pieces
  5321 | D:7      | Bought a potion of degeneration for 14 gold pieces
  5421 | D:7      | Reached skill level 1 in Axes
  5491 | D:7      | Noticed a troll
  5498 | D:7      | Killed a troll
  5721 | D:7      | Found a hazy altar of Hepliaklqana.
  5798 | D:8      | Noticed a two-headed ogre
  5816 | D:8      | Killed a two-headed ogre
  5816 | D:8      | Reached *** piety under Okawaru
  5817 | D:8      | Reached skill level 5 in Axes
  5817 | D:8      | Reached XP level 10. HP: 51/76 MP: 12/14
  7815 | D:8      | Received a gift from Okawaru
  7861 | D:9      | Noticed a two-headed ogre
  7866 | D:9      | Killed a two-headed ogre
  7866 | D:9      | Reached **** piety under Okawaru
  7936 | D:9      | Received a gift from Okawaru
  7947 | D:9      | Reached skill level 7 in Fighting
  8298 | D:9      | Reached skill level 8 in Fighting
  8378 | D:9      | Noticed a skeletal warrior
  8379 | D:9      | Found a basalt altar of Yredelemnul.
  8381 | D:9      | Noticed a death knight
  8406 | D:9      | Found an ancient bone altar of Kikubaaqudgha.
  8409 | D:9      | Found a transporter.
  8434 | D:9      | Found a transporter.
  8795 | D:10     | Entered Level 10 of the Dungeon
  8806 | D:10     | Noticed a manticore
  8812 | D:10     | Reached ***** piety under Okawaru
  8814 | D:10     | Reached skill level 9 in Fighting
  8820 | D:10     | HP: 3/83 [manticore (6)]
  8821 | D:10     | Slain by a vampire

Illustrated notes

Levels and vault maps discovered:
D:1:      dpeg_arrival_refuge, layout_loops_ring, minmay_statues_item,
          amethyst_killhole
D:2:      layout_rooms, hangedman_decor_lopped
D:3:      layout_loops_cross, lemuel_round_altar, ebering_ghost_rock_garden,
          wad_floor_pattern_untrapped, hangedman_abyss_or_decor_lesser_grid,
          dk_noncrumbling_4, kennysheep_generic_room_13
D:4:      layout_basic, temple_fountains, uniq_robin, uniq_natasha
D:5:      layout_basic, gammafunk_temple_overflow_elements, serial_shops, shop,
          shop_fountains, nicolae_shop_waterfront, minmay_ruined_shrine,
          uniq_crazy_yiuf_cottage, uniq_menkaure
D:6:      lemuel_ratsnest, layout_rooms, nicolae_overflow_quartered_altars,
          grunt_gozag_statues
D:7:      layout_rooms, worldfamousw_hep_ancestral_shrine, serial_shops,
          nicolae_square_shop, uniq_maggie
D:8:      cheibrodos_quashed, layout_layer_cave
D:9:      layout_stronghold, gammafunk_temple_of_torment,
          chequers_serial_rivers_room_a
D:10:     minmay_tri_box, layout_long_grid, corexii_mini_fake_secret_closet,
          minmay_starry_boxes
Temple:   nicolae_temple_bog_church

Skill      XL: |  1  2  3  4  5  6  7  8  9 10 |
---------------+-------------------------------+-----
Stealth        | 1 2 |  2.0
Fighting       | 3 4 6 9 |  9.4
Throwing       | 2 4 5 |  5.0
Armour         | 2 4 |  4.0
Polearms       | 4 |  4.0
Dodging        | 5 |  5.0
Evocations     | 2 4 |  4.0
Invocations    | 6 |  6.0
Axes           | 5 7 |  7.5
Short Blades   | |  2.6

Action                     |  1- 3 |  4- 6 |  7- 9 | 10-12 || total
---------------------------+-------+-------+-------+-------++-------
  Melee: Rapier            |    72 |    31 |       |       ||   103
         Flail             |       |    54 |       |       ||    54
         Kick              |       |    14 |    55 |    36 ||   105
         Spear             |       |    17 |   207 |       ||   224
         War axe           |       |       |    24 |   104 ||   128
  Throw: Javelin           |       |     1 |     1 |     1 ||     3
         Boomerang         |       |       |     2 |     1 ||     3
         Throwing net      |       |       |     1 |       ||     1
 Invoke: Heroism           |       |       |     1 |     1 ||     2
    Use: Scroll            |       |     8 |     8 |     5 ||    21
         Potion            |       |     2 |     3 |     4 ||     9
   Stab: Sleeping          |     2 |     5 |       |     1 ||     8
         Distracted        |       |     1 |       |       ||     1
 Armour: Leather armour    |    10 |     1 |       |       ||    11
         Ring mail         |       |    23 |    42 |       ||    65
         Swamp dragon scal |       |       |    13 |    12 ||    25
         Troll leather arm |       |       |       |    21 ||    21
  Dodge: Dodged            |    45 |    49 |    60 |    67 ||   221
  Block: Other             |       |    20 |    18 |       ||    38
         Reflection        |       |     1 |     4 |     5 ||    10
         Buckler           |       |       |    50 |    76 ||   126

Table legend: (Time is in decaauts)
 A = Elapsed time spent in this place.
 B = Non-inter-level travel time spent in this place.
 C = Inter-level travel time spent in this place.
 D = Time resting spent in this place.
 E = Time spent auto-exploring this place.
 F = Levels seen in this place.
 G = Mean time per level.
                   A        B        C        D        E       F      G
               +--------+--------+--------+--------+--------+-----+--------+
         Total |   8883 |   8555 |    328 |    656 |   6437 |  11 |  807.5 |
       Dungeon |   8686 |   8377 |    309 |    656 |   6265 |  10 |  868.6 |
        Temple |    196 |    178 |     18 |      0 |    171 |   1 |  196.0 |
               +--------+--------+--------+--------+--------+-----+--------+

Top non-repeatable levels by time:
     D:8: 1958 daAuts
     D:9: 1122 daAuts
     D:5: 1006 daAuts
     D:4: 881 daAuts
     D:3: 777 daAuts
     D:1: 776 daAuts
     D:7: 739 daAuts
     D:6: 726 daAuts
     D:2: 672 daAuts
  Temple: 196 daAuts
    D:10: 27 daAuts
